 Dungeon Crawl Stone Soup version 0.31.0-11-ge490571c62 (webtiles) character file.

Game seed: 6966348319225287936

96 SnakkuSnakku7 the Insei (level 4, 0/33 HPs)
             Began as a Merfolk Air Elementalist on Jan 30, 2024.
             Slain by an orc
             ... wielding a +2 dagger of protection
              (3 damage)
             ... on level 4 of the Dungeon.
             The game lasted 00:04:58 (3422 turns).

SnakkuSnakku7 the Insei (Merfolk Air Elementalist)  Turns: 3422, Time: 00:04:59

Health: 0/33       AC:  2    Str: 10    XL:     4   Next: 67%
Magic:  7/7        EV: 13    Int: 14    God:
Gold:   120        SH:  0    Dex: 20    Spells: 6/7 levels left

rFire   . .          .
                       - Unarmed
rCold   . . .        (no shield)
rNeg    . . .        i - +0 robe
rPois   .            (helmet currently unavailable)
rElec   .            f - melded scarf {repulsion}
rCorr   .            (gloves currently unavailable)
SInv    .            (boots currently unavailable)
Will    .....        (no amulet)
Stlth   ++           g - +6 ring of dexterity
HPRegen 0.25/turn    (no ring)
MPRegen 0.10/turn

%: no passive effects
@: beast-form
A: beast (slay +1), (nimble swimmer 2), mertail
a: Begin Untransformation


You were on level 4 of the Dungeon.
You were a hulking beast.
You visited 1 branch of the dungeon, and saw 5 of its levels.

You collected 120 gold pieces.

Inventory:

Hand Weapons
 a - a +1 heavy spear
Missiles
 o - 11 poisoned darts (quivered)
Armour
 f - a scarf of repulsion (melded)
 i - a +0 robe (worn)
 t - a +0 helmet
 v - a +0 pair of boots
Jewellery
 g - a +6 ring of dexterity (left hand)
 s - an amulet of reflection
Talismans
 j - a beast talisman (active)
Scrolls
 c - 2 scrolls of enchant weapon {unknown}
 k - a scroll of fog {unknown}
 l - a scroll of blinking
 p - a scroll of poison {unknown}
 q - a scroll of torment {unknown}
Potions
 b - 3 potions of heal wounds {unknown}
 d - a potion of attraction {unknown}
 e - a potion of curing {unknown}
 m - a potion of lignification {unknown}
 n - a potion of brilliance {unknown}
 r - 2 potions of invisibility
 u - a potion of enlightenment
 w - 2 potions of cancellation {unknown}


   Skills:
 - Level 2.0 Fighting
 - Level 0.1 Polearms
 - Level 2.6 Dodging
 - Level 2.1 Stealth
 + Level 3.1 Unarmed Combat
 - Level 2.0 Spellcasting
 - Level 0.7 Conjurations
 - Level 2.4 Air Magic
 + Level 2.2 Shapeshifting


You had 6 spell levels left.
You knew the following spells:

 Your Spells              Type           Power      Damage    Failure   Level
a - Shock                 Conj/Air       20%        1d4       13%         1

Your spell library contained the following spells:

 Spells                   Type           Power      Damage    Failure   Level
 Static Discharge         Conj/Air       10%        3-4/arc   19%         2
 Swiftness                Air            8%         N/A       26%         3
 Airstrike                Air            4%         2d(1-17)  65%         4


Dungeon Overview and Level Annotations

Branches:
Dungeon (5/15)
 Temple: D:4-7

Altars:
Kikubaaqudgha
Trog

Shops:
D:4 [

Annotations:
D:2 1 runed translucent door, exclusions: hobgoblin and 2 jackals, Crazy Yiuf, Sigmund
D:4 Eustachio


Innate Abilities, Weirdness & Mutations

You are a hulking beast.
Your limbs bulge with bestial killing power. (Slay +1)
((You are very nimble when in or above water. (Stealth+, EV+, Speed+++)))
Your lower body shifts to a powerful aquatic tail in water.


Message History

You closely miss the orc.
The orc is almost dead.
The orc hits you with a +0 whip.
You hit the orc.
You kill the orc!
Items here: )) [ ††.
Items here: )) [ ††.
You start resting.
An orc is nearby!
Items here: )) [ ††.
You hit the orc but do no damage.
The orc hits you with a +2 dagger of protection.
You barely miss the orc. The orc barely misses you.
You hit the orc but do no damage.
The orc hits you with a +2 dagger of protection.
You are too injured to fight recklessly!
You are too injured to fight recklessly!
You are too injured to fight recklessly!
You are too injured to fight recklessly!
You closely miss the orc. The orc barely misses you.
You closely miss the orc. The orc barely misses you.
You hit the orc but do no damage.
The orc hits you with a +2 dagger of protection.
You hit the orc.
The orc is moderately wounded.
The orc hits you with a +2 dagger of protection.
* * * LOW HITPOINT WARNING * * *
You completely miss the orc.
The orc is moderately wounded.
The orc hits you with a +2 dagger of protection.
* * * LOW HITPOINT WARNING * * *
You hit the orc.
The orc is heavily wounded.
The orc hits you with a +2 dagger of protection.
* * * LOW HITPOINT WARNING * * *
You hit the orc but do no damage.
The orc is heavily wounded.
An orc wizard comes into view. It is wielding a +0 dagger.
The orc hits you with a +2 dagger of protection.
You die...

#.# #.# #.# #.#
### #.#
####.8o#.. #.#
#.'....oo. #)#
#.##.8.#.. #.#
#..# ###
#h####.###.#
#.#o..o.....#
##
##.###.##.#####
#. #.# ##...#
#. ##.###.####
## #.#.## ## #
#.## #..
#.######..
#......#'#


You could see an orc wizard (wandering) and an orc.

Vanquished Creatures
  2 gnolls
  An adder (D:2)
  A shadow imp (D:4)
  A dart slug (D:3)
  A ribbon worm (D:2)
  2 orcs (D:4)
  7 ball pythons
  6 endoplasms
  3 giant cockroaches
  4 goblins
  4 hobgoblins
  4 quokkas
  5 bats
  2 frilled lizards
  4 kobolds
  6 rats
53 creatures vanquished.

Vanquished Creatures (others)
  A human (D:3)
1 creature vanquished.

Grand Total: 54 creatures vanquished

Notes
Turn   | Place    | Note
-------+----------+-------------------------------------------
     0 | D:1      | SnakkuSnakku7 the Merfolk Air Elementalist began the quest
                  | for the Orb.
     0 | D:1      | Reached XP level 1. HP: 13/13 MP: 3/3
   280 | D:1      | Reached skill level 1 in Fighting
   280 | D:1      | Reached skill level 1 in Unarmed Combat
   332 | D:1      | Reached XP level 2. HP: 14/21 MP: 5/5
   848 | D:1      | Reached skill level 2 in Unarmed Combat
   848 | D:1      | Reached XP level 3. HP: 16/27 MP: 0/6
  1467 | D:2      | You fall into a shaft and drop 1 floor!
  1514 | D:2      | Noticed Sigmund
  1847 | D:2      | Reached skill level 1 in Shapeshifting
  1972 | D:2      | Reached XP level 4. HP: 24/33 MP: 7/7
  1995 | D:2      | Found a runed translucent door.
  1996 | D:2      | Noticed Crazy Yiuf
  2455 | D:3      | Found an ancient bone altar of Kikubaaqudgha.
  2457 | D:3      | Noticed a human
  2458 | D:3      | Killed a human
  3048 | D:4      | Found a bloodstained altar of Trog.
  3048 | D:4      | Noticed a black bear
  3048 | D:4      | Noticed a black bear
  3087 | D:4      | Noticed Eustachio
  3087 | D:4      | Noticed a black bear
  3137 | D:4      | Noticed a lemure
  3141 | D:4      | Found Zioc's Jewellery Boutique.
  3198 | D:5      | Entered Level 5 of the Dungeon
  3198 | D:5      | Noticed a water moccasin
  3206 | D:5      | Noticed an ogre
  3239 | D:4      | Reached skill level 3 in Unarmed Combat
  3328 | D:4      | Found Xun Foxech's Armour Boutique.
  3422 | D:4      | Slain by an orc

Illustrated notes

Levels and vault maps discovered:
D:1:      dpeg_arrival_houses_and_road, layout_loops_corners, serial_forest,
          infiniplex_forest_straight_3, infiniplex_forest_zigzag_1,
          infiniplex_forest_side_room, infiniplex_forest_corner_2,
          infiniplex_forest_clump_cross, infiniplex_forest_lined_corner,
          infiniplex_forest_lined_corner, infiniplex_forest_clump_large,
          infiniplex_forest_straight_4
D:2:      layout_loops_ring, uniq_sigmund, uniq_crazy_yiuf_cottage
D:3:      layout_loops_cross, tgw_kikubaaqudgha
D:4:      layout_loops_ring, trog_ov_bears_minmay, zin_angel, serial_shops,
          nicolae_shop_trees, nicolae_shop_back_alley_shop, shop,
          nicolae_shop_window_shopping, serial_glass, glass_columns_b,
          glass_columns_a, pf_guarded_unrand_delatra, uniq_eustachio, uniq_pikel
D:5:      layout_rooms, gup_sewer_entry_glass, nicolae_shop_overcharged_wands,
          uniq_prince_ribbit1

Skill      XL: |  1  2  3  4 |
---------------+-------------+-----
Fighting       | 1 2 |  2.0
Unarmed Combat | 1 2 3 |  3.1
Shapeshifting  | 1 2 |  2.2
Polearms       | |  0.1
Dodging        | |  2.6
Stealth        | |  2.1
Spellcasting   | |  2.0
Conjurations   | |  0.7
Air Magic      | |  2.4

Action                     |  1- 3 |  4- 6 || total
---------------------------+-------+-------++-------
  Melee: Unarmed           |   143 |    81 ||   224
         Punch             |     2 |     4 ||     6
         Spear             |     3 |       ||     3
   Cast: Shock             |    10 |       ||    10
    Use: Potion            |     1 |     1 ||     2
         Scroll            |       |     4 ||     4
   Stab: Sleeping          |     8 |     5 ||    13
         Distracted        |     1 |       ||     1
 Armour: Robe              |    77 |    43 ||   120
  Dodge: Dodged            |    87 |    48 ||   135
   Form: Beast             |     1 |       ||     1
